[Event "Early-Titled-Tuesday-Blitz-November-28-2023"]
[Site "Chess.com"]
[Date "2023.11.28"]
[Round "3"]
[White "OneTrickPony_82"]
[Black "PawnEatingZombie"]
[Result "1-0"]
[WhiteElo "2409"]
[BlackElo "2179"]
[TimeControl "180+1"]
[EndTime "8:28:02 PST"]
[Termination "OneTrickPony_82 won by resignation"]

1. d4 Nf6 2. c4 g6 3. Nc3 d5 4. Nf3 Bg7 5. h4 c5 6. dxc5 Qa5 7. cxd5 Nxd5 8. Qxd5 Bxc3+ 9. Bd2 Bxd2+ 10. Qxd2 Qxd2+ 11. Nxd2 Na6 12. Rc1 Be6 13. e3 Rc8 14. Bb5+ Kf8 15.
Bxa6 bxa6 16. b4 Kg7 17. Ke2 Rb8 18. a3 a5 19. Rb1 Rhc8 20. Rhc1 Rb5 21. Rb2 axb4 22.
axb4 a5 23. Ne4 f5 24. Ng5 Bg8 25. Nf3 axb4 26. Ne5 Rbxc5 27. Rxc5 Rxc5 28. f4 b3 29. Kd2 Bd5 30. g3 e6 31. Nd3 Rc8 32. Nc1 Rb8 33. Kc3 Kf6 34. Nxb3 Bxb3 35. Rxb3 Rxb3+ 36. Kxb3 e5 37. Kc4 exf4 38. exf4 h6 39. Kd5 g5 40. h5 gxf4 41.
gxf4 Kg7 42. Ke6 Kg8 43. Kf6 Kf8 44. Kg6 Kg8 45. Kxh6 Kh8 46. Kg6 Kg8 47. Kxf5 1-0

[Event "Early-Titled-Tuesday-Blitz-November-28-2023"]
[Site "Chess.com"]
[Date "2023.11.28"]
[Round "3"]
[White "SashaKuzhilniy"]
[Black "angryspacevoid"]
[Result "1-0"]
[WhiteElo "2632"]
[BlackElo "2463"]
[TimeControl "180+1"]
[EndTime "8:28:04 PST"]
[Termination "SashaKuzhilniy won by resignation"]

1. b3 e5 2. Bb2 Nc6 3. e3 d5 4. Bb5 Ne7 5. Nf3 a6 6. Bxc6+ Nxc6 7. Nxe5 Qg5 8. Nf3 Qxg2 9. Rg1 Qh3 10. Rg3 Qh5 11.
Nc3 Bg4 12. h3 Bxh3 13. Rg5 Qh6 14. Nxd5 O-O-O 15. Nf4 Bd7 16. Qe2 f6 17. Rh5 Qxh5 18. Nxh5 Bg4 19. Nf4 Bd6 20. Nd3 h5 21. O-O-O h4 22.
Rg1 f5 23. Bxg7 Rh7 24. Bf6 Rf8 25. Bg5 Re8 26. Rxg4 fxg4 27. Nxh4 Kb8 28. Qxg4 Rg8 29. f4 Be7 30. Kb2 Rhg7 31. Nf3 Bf6+ 32. c3 Bxg5 33. Nxg5 Rd8 34. Kc2 Rgd7 35. Qf5 Na7 36. Ne6 Re8 37.
Nec5 Rd6 38. Ne5 Nb5 39. a4 1-0

[Event "Early-Titled-Tuesday-Blitz-November-28-2023"]
[Site "Chess.com"]
[Date "2023.11.28"]
[Round "3"]
[White "Massakru"]
[Black "SmirnovTimofey2000"]
[Result "1-0"]
[WhiteElo "2355"]
[BlackElo "2072"]
[TimeControl "180+1"]
[EndTime "8:28:04 PST"]
[Termination "Massakru won by resignation"]

1. e4 e5 2. Nf3 Nf6 3. Nxe5 d6 4. Nf3 Nxe4 5. d4 d5 6. Bd3 Nc6 7. O-O Be7 8. c4 Nb4 9. Nc3 Nxd3 10. Qxd3 Bf5 11.
Qd1 Nxc3 12. bxc3 O-O 13. c5 Bg4 14. h3 Bh5 15. Rb1 Rb8 16. Re1 Re8 17. Bf4 b6 18. cxb6 axb6 19. Rb2 Ba3 20. Rbe2 Rxe2 21. Qxe2 f6 22.
g4 Bg6 23. Nh4 Bf7 24. Nf5 Qe8 25. Qd2 Qb5 26. Bxc7 Rc8 27. Bd6 Bb2 28. Ne7+ Kh8 29. Nxc8 Qc6 30. Qxb2 Qxc8 31. Qxb6 h5 32. Qc7 Qg8 33.
Re7 Bg6 34. g5 fxg5 35. Rxg7 Qxg7 36. Be5 1-0

[Event "Early-Titled-Tuesday-Blitz-November-28-2023"]
[Site "Chess.com"]
[Date "2023.11.28"]
[Round "3"]
[White "IsuruAlahakoon"]
[Black "secretsuperstar7"]
[Result "1-0"]
[WhiteElo "2277"]
[BlackElo "2464"]
[TimeControl "180+1"]
[EndTime "8:28:06 PST"]
[Termination "IsuruAlahakoon won by checkmate"]

1. Nf3 d5 2. e3 c5 3. b3 Nf6 4. Bb2 Nc6 5. Bb5 Bd7 6. c4 e6 7. d3 Bd6 8. Nbd2 O-O 9. O-O Rc8 10. Bxc6 Bxc6 11. Qe1 Qe7 12. e4 dxe4 13. dxe4 e5 14. Nh4 Bd7 15. f3 g6 16. f4 Nh5 17. f5 Nf4 18. Rxf4 exf4 19. e5 Bc7 20. f6 Qe6 21.
Nhf3 Qf5 22. Qh4 Qh5 23. Qxf4 Qf5 24. Qh6 Bxe5 25. Qg7# 1-0

[Event "Early-Titled-Tuesday-Blitz-November-28-2023"]
[Site "Chess.com"]
[Date "2023.11.28"]
[Round "3"]
[White "sergeikim"]
[Black "Aisen1011"]
[Result "1-0"]
[WhiteElo "2599"]
[BlackElo "2418"]
[TimeControl "180+1"]
[EndTime "8:28:08 PST"]
[Termination "sergeikim won by checkmate"]

1. d4 Nf6 2. c4 g6 3. Nc3 d5 4. cxd5 Nxd5 5. e4 Nxc3 6. bxc3 Bg7 7. Bc4 c5 8. Ne2 Nc6 9. Be3 O-O 10. O-O b6 11. Qd2 Bb7 12. Rad1 Rc8 13. Bb3 Na5 14. Ng3 cxd4 15. cxd4 Nc4 16. Bxc4 Rxc4 17. e5 Qd5 18. f3 Rfc8 19. Rf2 h5 20. Ne4 Qb5 21. Bg5 R8c7 22. h4 Qa4 23. Rdf1 Rxd4 24. Qf4 Qd7 25. Bh6 Rd5 26. Bxg7 Kxg7 27. e6 fxe6 28. Ng5 Rf5 29. Qxc7 Qd5 30. Qxe7+ Kg8 31. Qe8+ Kg7 32. Nxe6+ Kf6 33. Ng5 Bc6 34. Qf8+ Ke5 35. Re1+ Kf4 36. Qb8+ Re5 37. g3+ Kf5 38. Qf8+ Qf7 39. Qxf7# 1-0

[Event "Early-Titled-Tuesday-Blitz-November-28-2023"]
[Site "Chess.com"]
[Date "2023.11.28"]
[Round "3"]
[White "cthulhuuu"]
[Black "acertijo08"]
[Result "1-0"]
[WhiteElo "2470"]
[BlackElo "2284"]
[TimeControl "180+1"]
[EndTime "8:28:09 PST"]
[Termination "cthulhuuu won by resignation"]

1. e4 c5 2. Nf3 d6 3. g3 Nc6 4. Bg2 g6 5. O-O Bg7 6. d3 e6 7. c3 Nge7 8. d4 cxd4 9. cxd4 Qb6 10. Nc3 Nxd4 11. Be3 Nxf3+ 12. Bxf3 Qa6 13. Be2 Qa5 14. Qxd6 Be5 15. Qc5 Qxc5 16. Bxc5 b6 17. Bb5+ Bd7 18.
Bxd7+ Kxd7 19. Rfd1+ Ke8 20. Ba3 a6 21. f4 Bxc3 22.
bxc3 Rc8 23. Rd3 f5 24. exf5 gxf5 25. Rd6 Rc6 26. Rad1 Kf7 27. Rxc6 Nxc6 28. Rd7+ Kf6 29. c4 Rc8 30. Bb2+ Kg6 31. Rg7+ Kh6 32. Rf7 Na5 33. Rf6+ Kh5 34. Rxe6 Nxc4 35. Bf6 Kg4 36. Kg2 Nd2 37.
h3+ Kh5 38. Bg7 1-0

[Event "Early-Titled-Tuesday-Blitz-November-28-2023"]
[Site "Chess.com"]
[Date "2023.11.28"]
[Round "3"]
[White "Aygehovit1992"]
[Black "AryanTari"]
[Result "0-1"]
[WhiteElo "2721"]
[BlackElo "2968"]
[TimeControl "180+1"]
[EndTime "8:28:12 PST"]
[Termination "AryanTari won by resignation"]

1. e4 e5 2. Nf3 Nc6 3. Bb5 Nge7 4.
O-O Ng6 5. d4 exd4 6. Nxd4 Bc5 7. Nf5 O-O 8. Nc3 d6 9. Bxc6 bxc6 10. Qf3 Re8 11. Qg3 Re5 12. Bg5 Qe8 13. h4 Bxf5 14. exf5 Rxf5 15. h5 Qe5 16. Qxe5 Nxe5 17. Ne4 Bb6 18. Bd2 Rxh5 19. a4 a6 20. a5 Ba7 21. Ng3 Rh4 22. Nf5 Rg4 23. Be3 Bxe3 24. fxe3 Kf8 25. Ra3 g6 26. Nh6 Rb4 27. e4 Kg7 28. Rh3 Rxe4 29. b3 c5 30. Rf2 Re8 31.
Rf1 Re2 32. Kh1 Rxc2 33. g4 f6 34. g5 fxg5 35. b4 cxb4 36. Ng4 Nxg4 0-1

[Event "Early-Titled-Tuesday-Blitz-November-28-2023"]
[Site "Chess.com"]
[Date "2023.11.28"]
[Round "3"]
[White "viktorskliarov"]
[Black "atalz0"]
[Result "1-0"]
[WhiteElo "2639"]
[BlackElo "2477"]
[TimeControl "180+1"]
[EndTime "8:28:12 PST"]
[Termination "viktorskliarov won by resignation"]

1. e4 d5 2. exd5 Nf6 3. Nc3 Nxd5 4. Bc4 c6 5. Qf3 Nf6 6. Qe2 Bg4 7. Nf3 e6 8. h3 Bh5 9. g4 Bg6 10. Ne5 Nbd7 11. d4 Qb6 12. h4 Qxd4 13. Nxd7 Nxd7 14.
h5 Bb4 15. hxg6 Bxc3+ 16. Kf1 Ne5 17. gxf7+ Kxf7 18. Bb3 Bxb2 19. Bxb2 Qxb2 20. Re1 Rae8 21. Qxe5 Qxe5 22. Rxe5 Kf6 23. f4 h6 24. Kf2 g5 25.
Rhe1 gxf4 26. Rxe6+ Rxe6 27. Rxe6+ Kg5 28. Kf3 h5 29.
Re5+ Kh4 30. Rxh5+ Rxh5 31. gxh5 Kxh5 32. Kxf4 1-0

[Event "Early-Titled-Tuesday-Blitz-November-28-2023"]
[Site "Chess.com"]
[Date "2023.11.28"]
[Round "3"]
[White "Zainullina_Nataliya"]
[Black "twitchTriniCupid"]
[Result "0-1"]
[WhiteElo "2124"]
[BlackElo "2375"]
[TimeControl "180+1"]
[EndTime "8:28:14 PST"]
[Termination "twitchTriniCupid won on time"]

1. e4 c6 2. Nc3 d5 3. Nf3 Bg4 4. exd5 cxd5 5. h3 Bxf3 6. Qxf3 e6 7. Be2 Nc6 8. Qg3 a6 9. O-O Nf6 10. a3 Rc8 11. Bd3 g6 12. Ne2 Bg7 13. c3 O-O 14. Bc2 e5 15. d3 Nh5 16. Qg4 f5 17. Qg5 Qb6 18. Qe3 d4 19. Qd2 Kh8 20. c4 a5 21. Rb1 Rfe8 22. b4 axb4 23. axb4 e4 24. b5 Ne5 25. dxe4 Nxc4 26. Qb4 fxe4 27. Bb3 Nd6 0-1

[Event "Early-Titled-Tuesday-Blitz-November-28-2023"]
[Site "Chess.com"]
[Date "2023.11.28"]
[Round "3"]
[White "Flawless_Fighter"]
[Black "AndresDelgado77"]
[Result "1-0"]
[WhiteElo "2815"]
[BlackElo "2271"]
[TimeControl "180+1"]
[EndTime "8:28:16 PST"]
[Termination "Flawless_Fighter won on time"]

1. e4 e6 2. d4 d5 3. Nd2 Nc6 4. Ngf3 Nf6 5. e5 Nd7 6. Nb3 f6 7. exf6 Qxf6 8. Bb5 Bd6 9. O-O O-O 10. Bg5 Qg6 11. Bh4 e5 12. Bg3 e4 13. Bxc6 bxc6 14. Ne5 Nxe5 15. dxe5 Be7 16. Qd4 h5 17. h4 Qg4 18. Qd1 Qg6 19. Kh2 Be6 20. c4 Rfd8 21.
cxd5 cxd5 22. Rc1 Rd7 23. Rc6 Qf7 24. Nd4 Bg4 25. f3 exf3 26. gxf3 Rf8 27. e6 Bxe6 28. Nxe6 Bd6 29. Nxf8 Bxg3+ 30. Kxg3 Qxf8 31. Qd4 Rf7 32. Qxd5 g6 33. Rxg6+ 1-0

[Event "Early-Titled-Tuesday-Blitz-November-28-2023"]
[Site "Chess.com"]
[Date "2023.11.28"]
[Round "3"]
[White "GatoRojo150"]
[Black "amanjazu"]
[Result "1-0"]
[WhiteElo "2608"]
[BlackElo "2430"]
[TimeControl "180+1"]
[EndTime "8:28:16 PST"]
[Termination "GatoRojo150 won by resignation"]

1. e4 Nf6 2. Nc3 d6 3. d4 g6 4.
Bc4 Bg7 5. Nf3 O-O 6. Qe2 Nbd7 7. e5 dxe5 8. dxe5 Ng4 9. e6 Nde5 10. exf7+ Kh8 11.
Nxe5 Nxe5 12. Bg5 Bg4 13. f3 Qd4 14. Bb3 Bf5 15. Rd1 Qc5 16. Rd5 Qb6 17. Rxe5 h6 18. Be3 Qd6 19. Rxf5 gxf5 20. O-O e5 21. f4 e4 22. Rd1 Qg6 23. Bc5 Rfd8 24. Be7 Rxd1+ 25. Qxd1 Bf8 26. Bxf8 Rxf8 27. Qd4+ Qg7 28. Ne2 b6 29. Qxg7+ Kxg7 30. Nd4 Kf6 31. Nc6 a6 32. Ne5 b5 33.
Nd7+ 1-0

[Event "Early-Titled-Tuesday-Blitz-November-28-2023"]
[Site "Chess.com"]
[Date "2023.11.28"]
[Round "3"]
[White "guillembaches"]
[Black "Shield12"]
[Result "1/2-1/2"]
[WhiteElo "2534"]
[BlackElo "2936"]
[TimeControl "180+1"]
[EndTime "8:28:18 PST"]
[Termination "Game drawn by repetition"]

1. d4 Nf6 2. Nf3 e6 3. Bg5 h6 4.
Bh4 d6 5. Nbd2 g5 6. Bg3 Nh5 7. e3 Bg7 8. Bd3 b6 9. Qe2 Bb7 10. c3 Qe7 11. e4 a6 12. Nc4 Nd7 13. O-O-O O-O-O 14. Ne3 Nb8 15. Nd2 Nf4 16. Bxf4 gxf4 17. Nc2 c5 18. dxc5 dxc5 19. Nc4 Kc7 20. e5 Bxg2 21.
Rhg1 f3 22. Qe4 Nc6 23. N2e3 b5 24. Nd6 Bxe5 25. Nxb5+ Kb7 26. Nxg2 fxg2 27. Na3 Rd5 28. Rxg2 Rhd8 29. Qc4 Ra8 30. Be4 Rxd1+ 31. Kxd1 Kc7 32. f3 f5 33. Bxc6 Kxc6 34. Re2 Rd8+ 35. Kc2 Rd5 36. f4 Bc7 37. Qa4+ Kb7 38. Qb3+ Kc6 39. Qa4+ Kb7 40. Qb3+ Kc6 41. Qa4+ 1/2-1/2

[Event "Early-Titled-Tuesday-Blitz-November-28-2023"]
[Site "Chess.com"]
[Date "2023.11.28"]
[Round "3"]
[White "mortngabriel"]
[Black "Leonid_Starozhilov"]
[Result "0-1"]
[WhiteElo "2510"]
[BlackElo "2736"]
[TimeControl "180+1"]
[EndTime "8:28:20 PST"]
[Termination "Leonid_Starozhilov won by resignation"]

1. e4 c6 2. Nf3 d5 3. Nc3 dxe4 4. Nxe4 Nf6 5. Qe2 Na6 6. Nxf6+ gxf6 7. d4 Bf5 8. c3 e6 9. g3 Bd6 10. Bg2 Nc7 11. O-O Qd7 12. a4 O-O-O 13. b4 h5 14. Nh4 Bh7 15. b5 cxb5 16. axb5 Qxb5 17. c4 Qb3 18.
Rxa7 Bd3 19. Qf3 Qxc4 20. Qxb7+ Kd7 21. Re1 Rb8 22. Qf3 Rb1 23. Qxf6 Rxc1 24. Qxf7+ Be7 25. Rxc7+ Qxc7 26. Qxe6+ Kd8 27. Qd5+ Ke8 28. Qa8+ Kf7 29. Qd5+ Kg7 30. Qe6 Rxe1+ 31. Qxe1 Bxh4 0-1

[Event "Early-Titled-Tuesday-Blitz-November-28-2023"]
[Site "Chess.com"]
[Date "2023.11.28"]
[Round "3"]
[White "Maxfan2008"]
[Black "Narek_Ghimoyan"]
[Result "1-0"]
[WhiteElo "2548"]
[BlackElo "2289"]
[TimeControl "180+1"]
[EndTime "8:28:23 PST"]
[Termination "Maxfan2008 won by resignation"]

1. d4 Nf6 2. c4 e6 3. Nc3 Bb4 4. Nf3 O-O 5. Bg5 h6 6. Bh4 d5 7.
cxd5 exd5 8. e3 c6 9. Bd3 Re8 10. Ne5 c5 11. O-O Nc6 12. Bxf6 Qxf6 13. Nxd5 Qd6 14.
Nxc6 bxc6 15. Nxb4 cxb4 16. Rc1 Be6 17. Bb1 Bd5 18. Qg4 Rad8 19. Qg3 Qe6 20. Rc5 Bxa2 21. Bxa2 Qxa2 22. Rxc6 Qxb2 23. Rxh6 Qc2 24. Rh5 Rb8 25. Qh3 Kf8 26. Qd7 Kg8 27. Qh3 Kf8 28. d5 b3 29. d6 f6 30. Rh8+ Kf7 31. Qd7+ Kg6 32. Rxe8 b2 33. Rxb8 b1=Q 34. Rbxb1 1-0

[Event "Early-Titled-Tuesday-Blitz-November-28-2023"]
[Site "Chess.com"]
[Date "2023.11.28"]
[Round "3"]
[White "Mouse-Sleep"]
[Black "RobertoJBM"]
[Result "1/2-1/2"]
[WhiteElo "2581"]
[BlackElo "2822"]
[TimeControl "180+1"]
[EndTime "8:28:25 PST"]
[Termination "Game drawn by repetition"]

1. Nf3 d5 2. d4 Nf6 3. c4 c6 4. Nc3 dxc4 5. e4 b5 6. e5 Nd5 7. a4 e6 8. axb5 Nxc3 9. bxc3 cxb5 10. Ng5 Bb7 11. Qh5 g6 12. Qg4 Be7 13. h4 h5 14. Qf4 Bxg5 15. hxg5 Nc6 16. Rh4 Ne7 17. g4 Nd5 18. Qg3 b4 19. gxh5 gxh5 20. g6 fxg6 21. Qxg6+ Kd7 22. Rxh5 Rxh5 23. Qxh5 Qe8 24. Qxe8+ Kxe8 25. Bxc4 bxc3 26. Ra3 a5 27. Bxd5 Bxd5 28. Rxc3 Kd7 29.
Ba3 a4 30. Bd6 Ra7 31. Kd2 Rb7 32. f4 Rb2+ 33. Ke3 Rb3 34. Rxb3 Bxb3 35. Kf3 Kc6 36. Ke3 Kd5 37. Kd3 Ba2 38. Ba3 Bb1+ 39. Kc3 Ke4 40. Bc5 Kxf4 41. Kb2 Be4 42. Ka3 Bc2 43. Ba7 Ke4 44.
Bc5 Kd5 45. Ba7 Kc4 46. Bc5 Bb3 47. Ba7 Kb5 48. Bc5 Bd1 49. Kb2 Bf3 50. Ka3 Bd5 51.
Kb2 Bc6 52. Ka3 Bd5 53. Kb2 Bc6 54. Ka3 Bd5 1/2-1/2

[Event "Early-Titled-Tuesday-Blitz-November-28-2023"]
[Site "Chess.com"]
[Date "2023.11.28"]
[Round "3"]
[White "themind1hunter"]
[Black "FMStan15"]
[Result "1-0"]
[WhiteElo "2532"]
[BlackElo "2059"]
[TimeControl "180+1"]
[EndTime "8:28:25 PST"]
[Termination "themind1hunter won on time"]

1. e4 e6 2. d4 d5 3. Nd2 c5 4. exd5 exd5 5. Ngf3 cxd4 6. Bb5+ Bd7 7. Qe2+ Be7 8. Bxd7+ Nxd7 9. Nxd4 Ngf6 10. O-O O-O 11. N2f3 Ne4 12. Bf4 Re8 13. c3 a6 14. Qc2 Ndf6 15.
Rad1 Bd6 16. Bxd6 Qxd6 17. h3 Rac8 18. Nf5 Qd7 19. Ne3 b5 20. Rd4 Red8 21. Nxd5 Nxd5 22.
Qxe4 Qe6 23. Qxe6 fxe6 24. Rfd1 Rc4 25. Ng5 Rxd4 26. Rxd4 e5 27. Rd2 h6 28. Ne6 Rd6 29. Nc5 Kf7 30. a3 a5 31. Nb7 Rb6 32. Nxa5 Nf4 33. Kh2 Ne6 34. b4 Ng5 35. f3 e4 36.
h4 e3 37. Re2 Ne6 38. Rxe3 Rd6 39. c4 bxc4 40. Nxc4 1-0

[Event "Early-Titled-Tuesday-Blitz-November-28-2023"]
[Site "Chess.com"]
[Date "2023.11.28"]
[Round "3"]
[White "Karateloru"]
[Black "FairChess_on_YouTube"]
[Result "0-1"]
[WhiteElo "2796"]
[BlackElo "3095"]
[TimeControl "180+1"]
[EndTime "8:28:27 PST"]
[Termination "FairChess_on_YouTube won by resignation"]

1. e4 c5 2. Nf3 e6 3. d4 cxd4 4. Nxd4 Nc6 5. Nc3 Qc7 6. Ndb5 Qb8 7. f4 a6 8. Nd4 d6 9. Be3 Nf6 10. Qf3 e5 11. Nf5 g6 12. Ng3 Bg4 13. Qf2 exf4 14. Qxf4 Bg7 15. h3 Be6 16. O-O-O Ne5 17. Be2 O-O 18.
Kb1 Rc8 19. Bd4 b5 20. Rhf1 b4 21. Nd5 Bxd5 22. exd5 Nxd5 23. Qc1 Ne7 24. Ne4 Nf5 25. Bg1 Bh6 26. Ng5 f6 27. h4 fxg5 28. hxg5 Bg7 29. Bh2 Qb6 30. g4 Nd4 31. Bd3 Nxd3 32. Rxd3 Rxc2 33.
Qf4 Rxb2+ 0-1

[Event "Early-Titled-Tuesday-Blitz-November-28-2023"]
[Site "Chess.com"]
[Date "2023.11.28"]
[Round "3"]
[White "Krakozia"]
[Black "lefonghua"]
[Result "1-0"]
[WhiteElo "2956"]
[BlackElo "2715"]
[TimeControl "180+1"]
[EndTime "8:28:27 PST"]
[Termination "Krakozia won by resignation"]

1. d4 Nf6 2. Nf3 g6 3. Bg5 Bg7 4. Nbd2 O-O 5. c3 d6 6. e4 c5 7. d5 h6 8. Bh4 e6 9. dxe6 Bxe6 10. Be2 Nc6 11. O-O g5 12. Bg3 Nh5 13. Nc4 Nxg3 14. hxg3 d5 15. exd5 Qxd5 16. Nd6 Qxd1 17. Rfxd1 b6 18. Bc4 Bxc4 19. Nxc4 Rad8 20. Ne3 Ne7 21. g4 Rfe8 22. g3 Kf8 23. Kg2 Nc6 24. a4 Rxd1 25. Rxd1 Rd8 26. Rxd8+ Nxd8 27. Nd2 Ne6 28.
Kf3 Ke8 29. Ke4 Kd7 30. Ndc4 Nd8 31. Nf5 Bf8 32. Kd5 Nc6 33. Ne5+ Nxe5 34. Kxe5 c4 35. Kd5 Bc5 36. f3 Bf2 37. Kxc4 Ke6 38. b4 h5 39. Ng7+ Kf6 40. Nxh5+ Kg6 41. Kd5 Be1 42. Kd4 f5 43. Kd3 fxg4 44. fxg4 Bf2 45. c4 Be1 46. b5 Bf2 47. Ke4 Bg1 48. Kd5 Kf7 49. Ke5 Kg6 50. Nf6 Bf2 51. Ne4 Be1 52. Ke6 Kg7 1-0

[Event "Early-Titled-Tuesday-Blitz-November-28-2023"]
[Site "Chess.com"]
[Date "2023.11.28"]
[Round "3"]
[White "Predator0608"]
[Black "LimeInTheCoconut"]
[Result "1-0"]
[WhiteElo "2589"]
[BlackElo "2415"]
[TimeControl "180+1"]
[EndTime "8:28:27 PST"]
[Termination "Predator0608 won by checkmate"]

1. e4 c6 2. d4 d5 3. f3 e6 4. Nc3 Nf6 5. e5 Nfd7 6. f4 c5 7.
Nf3 Nc6 8. Be3 a5 9. Bb5 Qc7 10.
O-O b6 11. f5 Ba6 12. fxe6 fxe6 13. Ng5 Nd8 14. Qg4 Bxb5 15. Nxe6 Qc6 16. Nxg7+ Bxg7 17. Qxg7 Rf8 18. Bg5 Qe6 19. Nxb5 Nf7 20. Nc7# 1-0

[Event "Early-Titled-Tuesday-Blitz-November-28-2023"]
[Site "Chess.com"]
[Date "2023.11.28"]
[Round "3"]
[White "Quattroporte300"]
[Black "Fh2411"]
[Result "1-0"]
[WhiteElo "2394"]
[BlackElo "2560"]
[TimeControl "180+1"]
[EndTime "8:28:27 PST"]
[Termination "Quattroporte300 won by checkmate"]

1. e4 c5 2. Nc3 Nc6 3. Bb5 g6 4. Nge2 Bg7 5. Bxc6 dxc6 6. d3 e5 7. Be3 b6 8. Qd2 h6 9. O-O-O Nf6 10. h3 Ba6 11.
Kb1 Nd7 12. f4 Qe7 13. g4 exf4 14. Bxf4 Ne5 15. Qe3 O-O-O 16. Rhf1 Rd7 17. a3 b5 18. Na2 b4 19. axb4 cxb4 20. d4 Nc4 21. Qb3 Na5 22. Qe3 g5 23. Bh2 Rhd8 24. Rf5 Nc4 25. Qg3 Nd6 26. Nec1 Qxe4 27. Nxb4 Bc4 28. Nbd3 Be6 29. Ra5 Nc4 30. Qb8# 1-0

[Event "Early-Titled-Tuesday-Blitz-November-28-2023"]
[Site "Chess.com"]
[Date "2023.11.28"]
[Round "3"]
[White "Artem_Sadovsky"]
[Black "MatyChess1"]
[Result "0-1"]
[WhiteElo "2494"]
[BlackElo "2666"]
[TimeControl "180+1"]
[EndTime "8:28:28 PST"]
[Termination "MatyChess1 won on time"]

1. Nf3 d5 2. e3 Nf6 3. c4 e6 4. b3 c5 5. Bb2 Nc6 6. cxd5 exd5 7.
Be2 Bd6 8. O-O O-O 9. d4 Re8 10. dxc5 Bxc5 11. Nc3 Bg4 12. Rc1 Be7 13. Nb5 Ne4 14.
h3 Bh5 15. Nd2 Bg6 16. Nxe4 Bxe4 17. Nd4 Bf6 18. Qd2 Bxd4 19. Bxd4 Qg5 20. f3 Bf5 21. f4 Qg3 22. Rf3 Qg6 23. Re1 Be4 24. Rf2 Rac8 25.
Bf3 Nxd4 26. Qxd4 Bxf3 27. Rxf3 Rc2 28. Rf2 Rxf2 29. Kxf2 h5 30. Rd1 h4 31. Rd2 Qg3+ 32. Kf1 Rxe3 0-1

[Event "Early-Titled-Tuesday-Blitz-November-28-2023"]
[Site "Chess.com"]
[Date "2023.11.28"]
[Round "3"]
[White "Mystery2007"]
[Black "Qvalda"]
[Result "0-1"]
[WhiteElo "2565"]
[BlackElo "2421"]
[TimeControl "180+1"]
[EndTime "8:28:29 PST"]
[Termination "Qvalda won by checkmate"]

1. Nf3 d5 2. b3 Nf6 3. Bb2 Bg4 4. Ne5 Bh5 5. Rg1 Nbd7 6. g4 Bg6 7. g5 Ne4 8. Nxg6 hxg6 9. d3 Nd6 10. h3 e5 11.
Nd2 Be7 12. Nf3 e4 13. dxe4 dxe4 14. Ne5 Nxe5 15. Bxe5 Bxg5 16. Bxd6 cxd6 17. e3 Bf6 18. Bb5+ Ke7 19. a4 a6 20. Bc4 Qa5+ 21. Kf1 Qf5 22. Rg4 Rxh3 23. Kg2 Rf3 24. Rf4 Rxf4 25. exf4 Bxa1 26.
Qxa1 Rh8 27. Qd4 Qh3+ 28. Kg1 Qh1# 0-1

[Event "Early-Titled-Tuesday-Blitz-November-28-2023"]
[Site "Chess.com"]
[Date "2023.11.28"]
[Round "3"]
[White "IsaqueGoncalvesSanto"]
[Black "Olya_Oblachko"]
[Result "1-0"]
[WhiteElo "1911"]
[BlackElo "2267"]
[TimeControl "180+1"]
[EndTime "8:28:29 PST"]
[Termination "IsaqueGoncalvesSanto won on time"]

1. d4 e6 2. c4 Nf6 3. Nc3 d5 4. Bg5 Be7 5. e3 O-O 6. cxd5 exd5 7. Bd3 h6 8. Bh4 c6 9. Nge2 Nbd7 10. O-O Ne4 11. Bg3 Nxg3 12. hxg3 Nf6 13. Rb1 a5 14. a3 Bd6 15. b4 axb4 16. axb4 Be6 17. Nf4 Bxf4 18.
gxf4 Ra3 19. Rb3 Qa8 20. Qb1 b5 21. Qb2 Ra6 22. Nb1 Bc8 23. Ra3 Nd7 24. Rxa6 Qxa6 25. Nd2 Nb6 26. Ra1 Na4 27. Qc2 Qb7 28. Nb3 Bd7 29.
Na5 Qb6 30. Rc1 Rc8 31. Be2 Rc7 32. Bf3 1-0

[Event "Early-Titled-Tuesday-Blitz-November-28-2023"]
[Site "Chess.com"]
[Date "2023.11.28"]
[Round "3"]
[White "brm72"]
[Black "Anton_Demchenko"]
[Result "1-0"]
[WhiteElo "2542"]
[BlackElo "2952"]
[TimeControl "180+1"]
[EndTime "8:28:33 PST"]
[Termination "brm72 won by resignation"]

1. e4 e5 2. Nf3 Nc6 3. Bc4 Nf6 4. d4 exd4 5. e5 d5 6. Bb5 Nd7 7. Bxc6 bxc6 8. Nxd4 Nb8 9. O-O Be7 10.
f4 c5 11. Nf3 Bf5 12. Nc3 d4 13. Ne2 Nc6 14. Ng3 Qd7 15. c3 Rd8 16. cxd4 cxd4 17. Bd2 O-O 18. Rc1 Bd3 19. Rf2 Qd5 20. a3 Ba6 21. b4 Rfe8 22. Qe1 Bb7 23. Ne4 Bf8 24. Nc5 Ba8 25. Na6 Rd7 26. Qd1 d3 27. Nc5 Bxc5 28. Rxc5 Qe4 29. Ng5 Qc4 30. Rxc4 1-0

[Event "Early-Titled-Tuesday-Blitz-November-28-2023"]
[Site "Chess.com"]
[Date "2023.11.28"]
[Round "3"]
[White "igorkovalenko"]
[Black "ArtemDyachuk"]
[Result "1-0"]
[WhiteElo "2903"]
[BlackElo "2522"]
[TimeControl "180+1"]
[EndTime "8:28:33 PST"]
[Termination "igorkovalenko won on time"]

1. c4 c6 2. Nf3 d5 3. e3 Nf6 4. Nc3 e6 5. b3 Nbd7 6. Bb2 Bd6 7. Qc2 O-O 8. Be2 Re8 9. Rg1 e5 10. g4 d4 11. g5 dxc3 12. Bxc3 Nh5 13. Nh4 g6 14.
Bxh5 gxh5 15. Nf5 Nf8 16. Nh6+ Kg7 17. f4 Bg4 18. h3 Bxh3 19. O-O-O Qc7 20. Rg3 Bc8 21. Rh1 h4 22. Rxh4 Ng6 23. Rh1 f5 24.
gxf6+ Kxf6 25. fxe5+ Bxe5 26. Rf3+ Kg7 27. Rf7+ Qxf7 28.
Nxf7 Kxf7 29. Rxh7+ Kf6 30. d4 Bd6 31. Qf2+ Kg5 32.
c5 Bb8 33. Bd2 1-0

[Event "Early-Titled-Tuesday-Blitz-November-28-2023"]
[Site "Chess.com"]
[Date "2023.11.28"]
[Round "3"]
[White "Willi_Skibbe"]
[Black "losersgame"]
[Result "0-1"]
[WhiteElo "2276"]
[BlackElo "2547"]
[TimeControl "180+1"]
[EndTime "8:28:33 PST"]
[Termination "losersgame won by resignation"]

1. e4 e5 2. Nc3 Nf6 3. Bc4 Nc6 4. d3 Bb4 5. Ne2 d5 6. exd5 Nxd5 7. O-O Nb6 8. Bb3 O-O 9. a3 Bd6 10. Ne4 Kh8 11.
Nxd6 Qxd6 12. Be3 f5 13. f4 Nd5 14. Bxd5 Qxd5 15. fxe5 Nxe5 16. Nc3 Qc6 17. Bf4 Ng6 18.
Qd2 b6 19. Rae1 Bb7 20. Re2 Rae8 21. Rfe1 h6 22. Rxe8 Rxe8 23. Rxe8+ Qxe8 24. Bxc7 Nh4 25. Qe2 Qg6 26. g3 Nf3+ 27. Kf2 Nxh2 28. Qe7 Qh5 29. d4 Qf3+ 30. Ke1 Qf1+ 31. Kd2 Nf3+ 32. Ke3 Qc1+ 33. Kf2 Qg1+ 34. Ke2 Qe1+ 35. Kd3 Qxe7 0-1

[Event "Early-Titled-Tuesday-Blitz-November-28-2023"]
[Site "Chess.com"]
[Date "2023.11.28"]
[Round "3"]
[White "TheAlienParty"]
[Black "LizardMorrison"]
[Result "0-1"]
[WhiteElo "2373"]
[BlackElo "2188"]
[TimeControl "180+1"]
[EndTime "8:28:33 PST"]
[Termination "LizardMorrison won by resignation"]

1. Nf3 g6 2. h4 h5 3. e4 Nc6 4. d4 d5 5. e5 Bg4 6. c3 e6 7. Be2 Nh6 8. Bg5 Be7 9. Qd2 Nf5 10.
Na3 a6 11. Nc2 Qd7 12. Ne3 Bxf3 13. Bxf3 Bxg5 14. hxg5 Nxe3 15. Qxe3 O-O-O 16. O-O-O Ne7 17. g4 hxg4 18. Bxg4 Nf5 19. Bxf5 gxf5 20. Rh6 Qe7 21. Rdh1 Rhg8 22. f4 c5 23. dxc5 Kb8 24. Qd4 Rc8 25. b4 b6 26. cxb6 Rc4 27. Qd3 Qxb4 28. R1h3 Rgc8 29.
Rh8 Rxh8 30. Rxh8+ Kb7 31. Rh3 d4 32. Qf3+ Kxb6 33. Qa8 Rxc3+ 34. Rxc3 Qxc3+ 35. Kb1 Qe1+ 36. Kb2 Qd2+ 37. Kb1 Qd3+ 38. Kb2 Qc3+ 39. Kb1 d3 40. Qd8+ Kc5 41. Qd6+ Kc4 42. Qxa6+ Kd4 43. a3 Qb3+ 44. Ka1 Qc3+ 45. Ka2 d2 46. Qa4+ Qc4+ 47. Qxc4+ Kxc4 0-1